 Dungeon Crawl Stone Soup version 0.30-a0-808-g6e0788376e (webtiles) character file.

Game seed: 14097843497963847697

4938 Nacht the Thaumaturge (level 11, 0/71 (74) HPs)
             Began as a Meteoran Earth Elementalist on Feb 27, 2023.
             Succumbed to Erica's bolt of poison
             ... on level 8 of the Dungeon.
             The game lasted 00:09:24 (3937 turns).

Nacht the Thaumaturge (Meteoran Earth Elementalist) Turns: 3937, Time: 00:09:25

HP:   0/71 (74)     AC:  7    Str: 10    XL:     11   Next: 8%
MP:   13/26         EV: 12    Int: 20    God:
Gold: 454           SH:  0    Dex: 16    Spells: 24/30 levels left

rFire   + . .      SeeInvis .    G - +0 whip (flame)
rCold   . . .      Faith    .    (no shield)
rNeg    . . .      Spirit   .    f - +0 robe {Will+}
rPois   .          Reflect  .    (no helmet)
rElec   .          Harm     .    a - +2 cloak
rCorr   .          Rampage  .    o - +0 pair of gloves
Will    ++...                    c - +0 pair of boots
Stlth   +                        (no amulet)
HPRegen 0.31/turn                v - ring of flight
MPRegen 0.20/turn                y - ring of protection from fire

@: lethally poisoned (0 -> -13), flying, glowing, lightly drained
A: sense surroundings 2, otherworldly, glowing, explore regen
a: no special abilities


You were on level 8 of the Dungeon.
You visited 2 branches of the dungeon, and saw 9 of its levels.
You also visited: Ossuary.

You collected 454 gold pieces.

Inventory:

Hand Weapons
 G - a +0 whip of flaming (weapon)
Armour
 a - a +2 cloak (worn)
 c - a +0 pair of boots (worn)
 f - a +0 robe of willpower (worn)
 o - a +0 pair of gloves (worn)
Jewellery
 v - a ring of flight (left hand)
 y - a ring of protection from fire (right hand)
Wands
 l - a wand of flame (71)
 s - a wand of iceblast (11)
 F - a wand of acid (12)
Scrolls
 b - a scroll of poison {unknown}
 d - a scroll of torment {unknown}
 e - a scroll of vulnerability {unknown}
 h - 3 scrolls of amnesia {unknown}
 i - 2 scrolls of enchant armour {unknown}
 k - a scroll of enchant weapon {unknown}
 m - 5 scrolls of fear
 q - 2 scrolls of immolation {unknown}
 r - 4 scrolls of teleportation {unknown}
 t - a scroll of acquirement {unknown}
 x - 2 scrolls of blinking {unknown}
Potions
 g - 2 potions of lignification {unknown}
 j - 7 potions of curing {unknown}
 n - 3 potions of flight {unknown}
 p - a potion of resistance {unknown}
 u - a potion of berserk rage
 z - 2 potions of haste
 A - a potion of cancellation
 B - a potion of magic
 C - a potion of heal wounds
 D - a potion of mutation
 E - a potion of attraction {unknown}


   Skills:
 - Level 2.4 Dodging
 - Level 1.4 Stealth
 - Level 10.0 Spellcasting
 - Level 2.0 Conjurations
 + Level 9.1 Necromancy
 - Level 1.2 Transmutations
 + Level 9.0 Ice Magic
 - Level 7.0 Earth Magic


You had 24 spell levels left.
You knew the following spells:

 Your Spells              Type           Power      Damage    Failure   Level
a - Sandblast             Erth           76%        2d16      1%          1
b - Stone Arrow           Conj/Erth      56%        3d10      3%          3
p - Passwall              Tmut/Erth      21%        N/A       1%          2

Your spell library contained the following spells:

 Spells                   Type           Power      Damage    Failure   Level
 Beastly Appendage        Tmut           28%        N/A       4%          1
 Wereblood                Tmut           14%        N/A       6%          2
 Petrify                  Tmut/Erth      26%        N/A       13%         4
 Spider Form              Tmut/Pois      12%        N/A       16%         3
 Portal Projectile        Hex/Tloc       20%        N/A       21%         3
 Summon Guardian Golem    Hex/Summ       10%        N/A       21%         3
 Tukima's Dance           Hex            10%        N/A       21%         3
 Blade Hands              Tmut           7%         N/A       75%         5
 Orb of Destruction       Conj           9%         9d6       100%        7
 Spellforged Servitor     Conj/Summ      7%         N/A       100%        7


Dungeon Overview and Level Annotations

Branches:
Dungeon (8/15) Zot: 940    Temple (1/1) D:5 Zot: 584 Ossuary (visited)
   Lair: D:8-11

Altars:
Ashenzari
Cheibriados
Dithmenos
Gozag
Hepliaklqana
Makhleb
Okawaru
Qazlal
Ru
Sif Muna
Trog
Uskayaw
Vehumet
Wu Jian
Xom
Zin
The Shining One

Shops:
D:6 **

Annotations:
D:6 2 runed translucent doors


Innate Abilities, Weirdness & Mutations

You passively map the area around you.
You are easily found by Zot.
You glow in the dark.
You regain HP and MP as you explore.


Message History

Confirm with . or Enter, or press ? or * to list all spells.
Aiming: Stone Arrow (dangerous; 3% risk of failure)
Press: ? - help, Shift-Dir - straight line, f - Erica
Aim: Erica, wielding a +3 scimitar of flaming and wearing a +2 robe of the Archmagi (68% to hit)
The stone arrow hits Erica!
Erica is moderately wounded.
Casting: Stone Arrow (dangerous; 3% risk of failure)
Confirm with . or Enter, or press ? or * to list all spells.
Aiming: Stone Arrow (dangerous; 3% risk of failure)
Press: ? - help, Shift-Dir - straight line, f/p - Erica
Aim: Erica, wielding a +3 scimitar of flaming and wearing a +2 robe of the Archmagi (moderately wounded, 68% to hit)
The stone arrow hits Erica!
Erica is moderately wounded.
Erica points at you and mumbles some strange words.
The bolt of poison hits you!
You are poisoned.
* * * LOW HITPOINT WARNING * * *
Casting: Stone Arrow (dangerous; 3% risk of failure)
Confirm with . or Enter, or press ? or * to list all spells.
Aiming: Stone Arrow (dangerous; 3% risk of failure)
Press: ? - help, Shift-Dir - straight line, f/p - Erica
Aim: Erica, wielding a +3 scimitar of flaming and wearing a +2 robe of the Archmagi (moderately wounded, 68% to hit)
The stone arrow hits Erica!!
Erica is almost dead.
* * * LOW HITPOINT WARNING * * *
You feel very sick.
Erica screams, "Do you want it fast or slow?!"
Erica hits you with a +3 scimitar of flaming!
* * * LOW HITPOINT WARNING * * *
Erica burns you.
* * * LOW HITPOINT WARNING * * *
An efreet comes into view.
It is wielding a +1 scimitar of flaming.
Casting: Stone Arrow (dangerous; 3% risk of failure)
Confirm with . or Enter, or press ? or * to list all spells.
Aiming: Stone Arrow (dangerous; 3% risk of failure)
Press: ? - help, Shift-Dir - straight line, f/p - Erica
Aim: Erica, wielding a +3 scimitar of flaming and wearing a +2 robe of the Archmagi (almost dead, 68% to hit)
The stone arrow hits Erica!
You kill Erica!
You die...

..................#
, ,
#######...........#
, , ,
#......####### ,, *
#..###...# ,
#.#).###.. * ,, ,,
#.#)...### , , ,
#.#.#....### ** * *
#.#..#.#...###*,
#.#.#.#.#..@)# *
#.#..#.#...##R.# *
#.#.#....###○ ..# *
#....###* * #.. , ,
* ,#..### ** ,#. *
*,#### * ,, ** * **
* * , , , * , * *,,
, ** , * * , , **,
***


You could see an efreet.

Vanquished Creatures
  A two-headed ogre (D:8)
  Erica (D:8)
  Pikel (D:8)
  Maggie (D:7)
  Grinder (D:5)
  2 wraiths (D:8)
  A wyvern (D:5)
  A steam dragon (D:4)
  Menkaure (D:5)
  Edmund (D:5)
  A water moccasin (D:5)
  Duvessa (D:6)
  An orc warrior (D:8)
  An ice beast (D:8)
  A black bear (D:7)
  3 sky beasts
  3 ogres
  A lemure (D:8)
  Blork the orc (D:5)
  A kobold brigand (D:7)
  2 scorpions (D:4)
  3 bullfrogs
  4 wights
  3 killer bees (D:7)
  Dowan (D:6)
  3 howler monkeys
  2 hounds
  4 human zombies (Ossuary)
  2 orc priests (D:8)
  4 iguanas
  3 orc wizards
  4 mummies (Ossuary)
  6 gnolls (D:5)
  3 adders
  A shadow imp (D:7)
  A white imp (D:6)
  2 worms
  15 orcs
  4 ball pythons
  6 endoplasms
  4 giant cockroaches
  A gnoll zombie (Ossuary)
  7 goblins
  5 hobgoblins
  11 kobolds
  3 quokkas
  4 bats
  3 frilled lizards
  A kobold zombie (Ossuary)
  2 orc zombies (Ossuary)
  4 rats
143 creatures vanquished.

Notes
Turn   | Place    | Note
-------+----------+-------------------------------------------
     0 | D:1      | Nacht the Meteoran Earth Elementalist began the quest for
                  | the Orb.
     0 | D:1      | Reached XP level 1. HP: 14/14 MP: 5/5
     6 | D:1      | Noticed a black bear
     6 | D:1      | Noticed a six-headed hydra
     6 | D:1      | Noticed a lindwurm
     7 | D:1      | Noticed an anaconda
     7 | D:1      | Noticed a snapping turtle
   140 | D:1      | Reached XP level 2. HP: 20/20 MP: 4/6
   490 | D:1      | Glimpsed the power of Zot.
   550 | D:2      | You fall into a shaft and drop 1 floor!
   562 | D:3      | Reached XP level 3. HP: 26/26 MP: 8/8
   711 | D:2      | Reached skill level 5 in Earth Magic
   775 | D:2      | Reached XP level 4. HP: 33/33 MP: 4/9
   814 | D:2      | Found a faded altar of an unknown god.
  1230 | D:3      | Learned a level 2 spell: Passwall
  1234 | D:3      | Learned a level 3 spell: Stone Arrow
  1438 | D:3      | Reached skill level 1 in Conjurations
  1438 | D:3      | Reached XP level 5. HP: 18/38 MP: 4/10
  1513 | D:4      | Reached XP level 6. HP: 33/45 MP: 5/11
  1555 | D:4      | Reached skill level 3 in Spellcasting
  1555 | D:4      | Reached skill level 1 in Necromancy
  1555 | D:4      | Reached skill level 1 in Ice Magic
  1683 | D:4      | Found an iron altar of Okawaru.
  1716 | D:4      | Noticed a steam dragon
  1732 | D:4      | Killed a steam dragon
  1733 | D:4      | Reached XP level 7. HP: 50/50 MP: 2/13
  1767 | D:4      | Reached skill level 4 in Spellcasting
  1926 | D:5      | Entered Level 5 of the Dungeon
  1926 | D:5      | Noticed a water moccasin
  1931 | D:5      | Killed a water moccasin
  1952 | D:5      | Noticed a wyvern
  1960 | D:5      | Killed a wyvern
  1961 | D:5      | Reached skill level 5 in Spellcasting
  1961 | D:5      | Reached XP level 8. HP: 17/57 MP: 6/16
  1978 | D:5      | Found a staircase to the Ecumenical Temple.
  1987 | D:5      | Noticed Blork the orc
  1988 | D:5      | Noticed Grinder
  1992 | Temple   | Entered the Ecumenical Temple
  2035 | D:5      | Killed Blork the orc
  2039 | D:5      | Killed Grinder
  2051 | D:5      | Reached skill level 6 in Spellcasting
  2134 | D:5      | Noticed Edmund
  2146 | D:5      | Killed Edmund
  2147 | D:5      | Reached skill level 5 in Necromancy
  2147 | D:5      | Reached skill level 5 in Ice Magic
  2147 | D:5      | Gained mutation: You passively map the area around you.
                  | [Meteoran growth]
  2147 | D:5      | Reached XP level 9. HP: 51/59 MP: 2/19
  2160 | D:5      | Noticed Menkaure
  2165 | D:5      | Killed Menkaure
  2209 | D:5      | Identified the +6 mace of Law {freeze, rPois}
  2345 | D:6      | Reached skill level 7 in Spellcasting
  2349 | D:6      | Found a runed translucent door.
  2351 | D:6      | Found a runed translucent door.
  2383 | D:6      | Found Kipobyjih's Specific Store.
  2384 | D:6      | Found Vot Adyi's General Store.
  2515 | D:6      | Noticed Dowan
  2517 | D:6      | Noticed Duvessa
  2524 | D:6      | Killed Duvessa
  2525 | D:6      | Killed Dowan
  2531 | D:6      | Found Zin's Purification Station.
  2545 | D:6      | Found a glowing silver altar of Zin.
  2693 | D:6      | Found a sand-covered staircase.
  2700 | Ossuary  | Entered an ossuary
  3158 | D:7      | Noticed Maggie
  3159 | D:7      | Reached skill level 8 in Spellcasting
  3169 | D:7      | Killed Maggie
  3170 | D:7      | Reached XP level 10. HP: 37/69 MP: 12/23
  3594 | D:7      | Reached skill level 9 in Spellcasting
  3659 | D:8      | Noticed a two-headed ogre
  3665 | D:8      | Killed a two-headed ogre
  3769 | D:8      | Noticed Pikel
  3789 | D:8      | Killed Pikel
  3790 | D:8      | Reached skill level 10 in Spellcasting
  3790 | D:8      | Reached XP level 11. HP: 74/74 MP: 15/26
  3933 | D:8      | Noticed Erica
  3937 | D:8      | Killed Erica
  3937 | D:8      | Succumbed to Erica's bolt of poison

Illustrated notes

Levels and vault maps discovered:
D:1:      onia_arrival_zoo_common, layout_loops_corners
D:2:      layout_rooms, dreamdust_ecumenical_altar_angels_and_demons,
          minmay_pentomino_pile
D:3:      layout_basic, nicolae_underground_beach
D:4:      layout_basic, amcnicky_altar_gilded, dreamdust_princess_corridor
D:5:      layout_rooms, minmay_temple_entry_sparse_star, uniq_menkaure,
          uniq_edmund, uniq_blork_the_orc, uniq_grinder
D:6:      lemuel_insect_pit, layout_basic, zin_purify,
          lightli_ossuary_entry_decrepit_ruins, minmay_misc_feat_x,
          nicolae_specific_store, uniq_duvessa
D:7:      layout_cave_pools, minmay_misc_feat_tower, uniq_maggie
D:8:      minmay_the_grid_triangle_9x9_recursive_2
          [minmay_the_grid_triangle_9x9_prize_insulated,
          minmay_the_grid_triangle_9x9_limited_checkers,
          minmay_the_grid_triangle_9x9_descending_squares,
          minmay_the_grid_triangle_9x9_tough_junction], layout_basic,
          lair_entry_dummy, kennysheep_generic_room_12, uniq_joseph, uniq_erica,
          uniq_pikel
Temple:   hellmonk_temple_two_chambers

Skill      XL: |  1  2  3  4  5  6  7  8  9 10 11 |
---------------+----------------------------------+-----
Earth Magic    | 4 5 6 7 |  7.0
Conjurations   | 1 2 |  2.0
Spellcasting   | 3 5 6 8 10 | 10.0
Necromancy     | 2 3 5 7 8 9 |  9.1
Ice Magic      | 2 3 5 7 8 9 |  9.0
Dodging        | |  2.4
Stealth        | |  1.4
Transmutations | |  1.2

Action                     |  1- 3 |  4- 6 |  7- 9 | 10-12 || total
---------------------------+-------+-------+-------+-------++-------
  Melee: Unarmed           |       |     2 |       |     9 ||    11
   Cast: Sandblast         |    40 |    43 |   122 |    55 ||   260
         Stone Arrow       |       |     2 |    20 |    33 ||    55
    Use: Scroll            |       |       |     7 |       ||     7
         Potion            |       |       |     1 |     2 ||     3
 Armour: Robe              |     6 |     8 |       |       ||    14
         Steam dragon scal |       |       |    39 |    21 ||    60
  Dodge: Dodged            |    13 |    13 |    51 |    40 ||   117

Table legend: (Time is in decaauts)
 A = Elapsed time spent in this place.
 B = Non-inter-level travel time spent in this place.
 C = Inter-level travel time spent in this place.
 D = Time resting spent in this place.
 E = Time spent auto-exploring this place.
 F = Levels seen in this place.
 G = Mean time per level.
                   A        B        C        D        E       F      G
               +--------+--------+--------+--------+--------+-----+--------+
         Total |   4091 |   3901 |    190 |      0 |   2858 |  10 |  409.1 |
       Dungeon |   3859 |   3669 |    190 |      0 |   2749 |   8 |  482.4 |
        Temple |     15 |     15 |      0 |      0 |      0 |   1 |   15.0 |
       Ossuary |    215 |    215 |      0 |      0 |    109 |   1 |  215.0 |
               +--------+--------+--------+--------+--------+-----+--------+

Top non-repeatable levels by time:
     D:6: 681 daAuts
     D:3: 545 daAuts
     D:1: 521 daAuts
     D:7: 482 daAuts
     D:2: 459 daAuts
     D:4: 448 daAuts
     D:5: 398 daAuts
     D:8: 323 daAuts
 Ossuary: 215 daAuts
  Temple: 15 daAuts
